 Dungeon Crawl Stone Soup version 0.22-a0-247-gbddf880757 (webtiles) character file.

82 Peterchen the Chopper (level 4, -3/39 HPs)
             Began as a Minotaur Berserker on Feb 25, 2018.
             Was a Believer of Trog.
             Slain by an adder (4 damage)
             ... on level 2 of the Dungeon.
             The game lasted 00:02:15 (712 turns).

Peterchen the Chopper (Minotaur Berserker)           Turns: 712, Time: 00:02:16

Health: -3/39      AC:  2    Str: 22    XL:     4   Next: 21%
Magic:  3/3        EV: 12    Int:  4    God:    Trog [**....]
Gold:   84         SH:  0    Dex: 10    Spells: 3/3 levels left

rFire    . . .     SeeInvis .   a - +0 hand axe
rCold    . . .     Gourm    .   (no shield)
rNeg     . . .     Faith    .   b - +0 animal skin
rPois    .         Spirit   .   (helmet restricted)
rElec    .         Reflect  .   (no cloak)
rCorr    .         Harm     .   (no gloves)
MR       ++...                  (no boots)
Stlth    +.........             (no amulet)
HPRegen  1.13/turn              (no ring)
MPRegen  0.08/turn              (no ring)

@: lethally poisoned (-3 -> -4), berserk cooldown, regenerating, slowed, very
slow
A: retaliatory headbutt, horns 2
a: Berserk, Trog's Hand, Renounce Religion


You were on level 2 of the Dungeon.
You worshipped Trog.
Trog was pleased with you.
You were hungry.

You visited 1 branch of the dungeon, and saw 2 of its levels.

You collected 84 gold pieces.

Inventory:

Hand Weapons
 a - a +0 hand axe (weapon)
Armour
 b - a +0 animal skin (worn)
Scrolls
 e - 2 scrolls of identify {unknown}
 i - 2 scrolls of enchant armour {unknown}
 j - a scroll of noise {unknown}
 l - a scroll of remove curse {unknown}
Potions
 d - a potion of resistance {unknown}
 g - a potion of lignification {unknown}
 h - 4 potions of curing {unknown}
 k - a potion of cancellation {unknown}
Comestibles
 c - 2 rations
 f - 8 chunks of flesh


   Skills:
 - Level 3.6 Fighting
 * Level 6.2 Axes
 - Level 2.4 Armour
 - Level 2.1 Dodging


You had 3 spell levels left.
You didn't know any spells.

Dungeon Overview and Level Annotations

Branches:
Dungeon (2/15)

Altars:


Innate Abilities, Weirdness & Mutations

You reflexively headbutt those who attack you in melee.
You have a pair of horns on your head.


Message History

An adder comes into view.
You feel sick.
The adder hisses angrily.
You feel sick.
There is an open door, spattered with blood here.
You see here an adder skeleton.
You miss the adder. The adder bites you.
* * * LOW HITPOINT WARNING * * *
You are lethally poisoned!
The adder poisons you! The adder bites you.
* * * LOW HITPOINT WARNING * * *
You are more poisoned.
The adder poisons you!
You're still recovering from your berserk rage.
Your skin crawls.
You feel resistant to hostile enchantments.
You are feeling hungry.
* * * LOW HITPOINT WARNING * * *
You feel sick. The adder bites you.
You die...

### #.. #.# #+##
#^######### #...##
#.........# #.....##
..#.#####.# #####.8...8.#
#....# #.# #.##.#.....#.
###.## #.# #.#...8...8..
##...## #<# #.@S.........
#.....###.#####.#...8...8..
................##.#.....#.
#.....###.#####.###.8...8.#
##...## #.# #.# #.....##
##.## #.# ... #...## #.#
#.# .$## #'## #.#
###.####... ... #.# #.....
.... ##.


You could see an adder.

Vanquished Creatures
  4 adders (D:2)
  An ooze (D:1)
  A dart slug (D:1)
  2 leopard geckos (D:2)
  A ball python (D:1)
  5 bats
  4 giant cockroaches (D:1)
  4 hobgoblins
  2 frilled lizards (D:1)
  4 goblins
  5 kobolds
  6 rats
39 creatures vanquished.

Notes
Turn   | Place    | Note
-------+----------+-------------------------------------------
     0 | D:1      | Peterchen the Minotaur Berserker began the quest for the Orb.
     0 | D:1      | Reached XP level 1. HP: 19/19 MP: 0/0
    25 | D:1      | Reached skill level 4 in Axes
    48 | D:1      | Reached XP level 2. HP: 13/26 MP: 1/1
   353 | D:1      | Reached skill level 5 in Axes
   420 | D:1      | Reached XP level 3. HP: 28/31 MP: 2/2
   441 | D:1      | Reached ** piety under Trog
   689 | D:2      | Reached skill level 6 in Axes
   689 | D:2      | Reached XP level 4. HP: 31/39 MP: 3/3
   711 | D:2      | HP: 1/39 [adder (5)]
   712 | D:2      | Slain by an adder

Vault maps used:
D:1:      lemuel_arrival_funnel
D:2:      gammafunk_temple_overflow_forgotten, dk_noncrumbling_3,
          kennysheep_generic_room_13

Skill      XL: |  1  2  3 |
---------------+----------+-----
Axes           | 4 5 6 |  6.2
Fighting       | |  3.6
Armour         | |  2.4
Dodging        | |  2.1

Action                   |  1- 3 |  4- 6 || total
-------------------------+-------+-------++-------
Melee: Hand axe          |    71 |     5 ||    76
       Headbutt          |    12 |       ||    12
Invok: Berserk           |     1 |       ||     1
       Trog's Hand       |       |     1 ||     1
 Stab: Sleeping          |     1 |       ||     1
Armor: Animal skin       |    15 |     2 ||    17
Dodge: Dodged            |    47 |     4 ||    51

Table legend:
 A = Spawn XP
 B = Non-spawn XP
 C = Spawn XP percentage of total XP
 D = Spawn monster count
 E = Non-spawn monster count
 F = Spawn count percentage of total count
 G = Total turns spent on level
                    A         B        C        D         E        F      G
               +---------+---------+-------+---------+---------+-------+---------
         Total |       0 |     118 |   0.0 |       0 |      39 |   0.0 |   712
               +---------+---------+-------+---------+---------+-------+---------
           D:1 |       0 |      49 |   0.0 |       0 |      27 |   0.0 |   567
           D:2 |       0 |      69 |   0.0 |       0 |      12 |   0.0 |   145
               +---------+---------+-------+---------+---------+-------+---------
